 Dungeon Sprint DCSS version bcrawl-1.15.1 (webtiles) character file.

Game seed: 18321128463684002240

1762 Kerapac the Warrior (level 9, -19/100 HPs)
             Began as a Hill Orc Archaeologist on Oct 3, 2019.
             Was an Initiate of Okawaru.
             Demolished by a tentacle (23 damage)
             ... attached to a kraken
             ... in the Dungeon (Sprint II: "The Violet Keep of Menkaure").
             The game lasted 00:10:17 (1235 turns).

Kerapac the Warrior (Hill Orc Archaeologist)        Turns: 1235, Time: 00:10:17

Health: -19/100    AC:  9    Str: 17    XL:     9   Next: 7%
Magic:  9/9        EV: 11    Int: 14    God:    Okawaru [......]
Gold:   280        SH:  0    Dex:  9    Spells: 8/8 levels left

rFire    . . .     SeeInvis +   f - +7 sceptre of Torment {pain, torment}
rCold    . . .     Gourm    .   (no shield)
rNeg     + . .     Faith    .   j - +1 ring mail "Wuukiuri" {rN+}
rPois    +         Spirit   .   c - +1 hat
rElec    .         Reflect  .   (no cloak)
rCorr    .         Harm     .   (no gloves)
MR       .....     NoTele   +   d - +1 pair of boots
Stlth    +.........             (no amulet)
HPRegen  0.26/turn              l - ring of poison resistance
MPRegen  0.11/turn              n - ring of see invisible

@: no status effects
A: no striking features
a: Renounce Religion


You were in the Dungeon.
You worshipped Okawaru.
Okawaru was noncommittal.
You were very hungry.

You visited 1 branch You collected 942 gold pieces.
You spent 662 gold pieces at shops.

Inventory:

Hand Weapons
 a - a +0 whip
 f - the +7 sceptre of Torment (weapon) {pain, torment} In the hands of one skilled in necromantic magic, it inflicts extra damage on living creatures.
Armour
 b - a +1 robe
 c - a +1 hat (worn)
 d - a +1 pair of boots (worn)
 j - the +1 ring mail "Wuukiuri" (worn) {rN+}
   (You bought it in a shop in the Dungeon)

   It protects you from negative energy.
Jewellery
 l - a ring of poison resistance (left hand)
 n - a ring of see invisible (right hand)
Scrolls
 i - 5 scrolls of identify {unknown}
 m - a scroll of blinking
 o - 3 scrolls of immolation {unknown}
 p - 2 scrolls of remove curse {unknown}
 q - 2 scrolls of amnesia {unknown}
 r - a scroll of fear {unknown}
 t - a scroll of enchant weapon {unknown}
 w - a scroll of fog {unknown}
Potions
 e - 4 potions of resistance {unknown}
 h - a potion of curing
 k - 5 potions of magic
 s - 3 potions of flight {unknown}
 u - 2 potions of heal wounds
 v - a potion of mutation {unknown}
 x - a potion of might
Comestibles
 g - 6 rations {!d}


   Skills:
 + Level 16.1 Fighting
   Level 16.1 Short Blades
   Level 16.1 Long Blades
   Level 16.1 Axes
   Level 16.1 Maces & Flails
   Level 16.1 Polearms
   Level 16.1 Staves
 - Level 2.4 Dodging
 - Level 2.6 Stealth
   Level 16.1 Unarmed Combat


You had 8 spell levels left.
You didn't know any spells.
Your spell library was empty.

Dungeon Overview and Level Annotations

Branches:
Dungeon (1/1)

Altars:
Cheibriados
Dithmenos
Elyvilon
Fedhas
Gozag
Hepliaklqana
Kikubaaqudgha
Lugonu
Makhleb
Nemelex Xobeh
Okawaru
Qazlal
Ru
Sif Muna
Trog
Uskayaw
Vehumet
Wu Jian
Xom
Yredelemnul
Zin
The Shining One
Beogh
Jiyva

Shops:
D }!:!=%(}[:??[=(%

Annotations:
D exclusion: oklob plant


Message History

A tentacle rises from the water!
You hit the tentacle.
The tentacle is lightly wounded.
The tentacle barely misses you.
You puncture the tentacle!
The tentacle is moderately wounded.
The tentacle slaps you!
The tentacle slaps you but does no damage.
The tentacle barely misses you.
You see here a short sword.
The tentacle slaps you!!
* * * LOW HITPOINT WARNING * * *
The tentacle closely misses you. The tentacle slaps you.
* * * LOW HITPOINT WARNING * * *
You see here a pair of gloves.
The tentacle slaps you!
* * * LOW HITPOINT WARNING * * *
The tentacle slaps you!!
You die...

,,,,*,,*▓▓+▓▓▓▓.▓,*,,,**,,,,,,**,
*++**,,,+..°▓0..▓,,,,,**********+
≈,,,***,#○..▓▓▓▓▓▓▓▓▓▓*******,,,,
≈,,,,,**#.○.▓≈≈§≈≈≈≈≈▓▓*,,,,*,+++
**,,,,*,*#○☼▓▓▓▓▓▓▓▓▓▓▓*+**,*,+≈,
,+,,,,*,,#°☼▓...((..[▓▓,,,*,*,+≈,
,****,*,,#°|▓=)).((.)▓▓,⌠,*,*,+≈,
##,,+^####:)▓(([....(▓▓,,,*,*,+≈,
.#,,*...####▓)..@.[.)▓▓,,,*,*,+≈,
.##**#^^#*.#▓.[w...(.▓▓,,,*,*,+≈,
..#,,+..#,.#▓..(\[...▓▓,,,*,*,+≈,
§.#,,#..#,.#▓..([\.).▓▓,⌠,*,*,*≈,
..####.^##.#▓..((.\..▓▓,,,*,*,*≈,
....###.^.##▓▓▓▓▓▓▓\▓▓▓▓+▓*,***≈,
......≈≈≈≈≈≈≈≈≈≈≈≈≈.──X≈≈▓,,,,,,,
≈....§≈#'########+###.≈≈≈▓,,,,,,,
≈≈≈§..≈#.._._._.#t§§##≈≈≈▓,,,,,,*


You could see a kraken and a tentacle.

Vanquished Creatures
  A merfolk siren (D)
  A yaktaur (D)
  3 polar bears (D)
  A hornet (D)
  3 neqoxecs (D)
  A crocodile (D)
  3 worms (D)
  A tentacle (D)
14 creatures vanquished.

Vanquished Creatures (others)
  A neqoxec (D)
  Menkaure (D)
  A crocodile (D)
  19 tentacles (D)
22 creatures vanquished.

Grand Total: 36 creatures vanquished

Notes
Turn   | Place    | Note
-------+----------+-------------------------------------------
     0 | D        | Kerapac the Hill Orc Archaeologist began the quest for the
                  | Orb.
     0 | D        | Reached XP level 1. HP: 15/15 MP: 1/1
     2 | D        | Noticed a tyrant leech
     2 | D        | Noticed a tyrant leech
    11 | D        | Killed a crocodile
    17 | D        | Killed Menkaure
    27 | D        | Reached skill level 2 in Fighting
   249 | D        | Reached skill level 3 in Fighting
   249 | D        | Reached XP level 2. HP: 19/26 MP: 2/2
   305 | D        | Noticed a merfolk siren
   308 | D        | Noticed a neqoxec
   308 | D        | Noticed a neqoxec
   308 | D        | Noticed a neqoxec
   308 | D        | Noticed a neqoxec
   320 | D        | Killed a neqoxec
   320 | D        | Reached skill level 8 in Fighting
   320 | D        | Reached XP level 3. HP: 19/41 MP: 1/3
   320 | D        | Reached XP level 4. HP: 23/49 MP: 1/4
   320 | D        | Reached XP level 5. HP: 26/55 MP: 1/5
   327 | D        | Killed a neqoxec
   327 | D        | Reached skill level 10 in Fighting
   327 | D        | Reached XP level 6. HP: 31/67 MP: 1/6
   333 | D        | Killed a neqoxec
   333 | D        | Reached skill level 12 in Fighting
   338 | D        | Killed a neqoxec
   338 | D        | Reached XP level 7. HP: 20/78 MP: 2/7
   585 | D        | Killed a merfolk siren
   585 | D        | Reached skill level 14 in Fighting
   598 | D        | Found Emeegyim's Book Emporium.
   598 | D        | Found Qievvat's Magic Scroll Emporium.
   598 | D        | Found Vaecryan's Gadget Shoppe.
   598 | D        | Found Liluil's Jewellery Emporium.
   598 | D        | Found Moyki's Antique Armour Shoppe.
   598 | D        | Found Wupoaf's Food Emporium.
   598 | D        | Found Saergh's Magic Scroll Shoppe.
   598 | D        | Found Wouj's Antique Armour Shoppe.
   598 | D        | Found Zommoyte's Weapon Shoppe.
   629 | D        | Found Ysooc's Antique Weapon Shoppe.
   629 | D        | Found Niupat Niehu's Food Emporium.
   629 | D        | Noticed a slime creature
   631 | D        | Found Gagriwots's Jewellery Emporium.
   631 | D        | Found Nonor's Distillery.
   631 | D        | Noticed a slime creature
   631 | D        | Noticed a slime creature
   631 | D        | Noticed an oklob plant
   632 | D        | Found Ischoezy's Distillery.
   632 | D        | Found Qularum's Book Shoppe.
   632 | D        | Found Amon's Gadget Emporium.
   633 | D        | Noticed a hell hog
   633 | D        | Noticed a hell hog
   639 | D        | Reached XP level 8. HP: 79/89 MP: 8/8
   645 | D        | Noticed a fire dragon
   648 | D        | Bought a potion of might for 48 gold pieces
   656 | D        | Bought a scroll of magic mapping for 49 gold pieces
   679 | D        | Bought a faintly humming ring mail for 180 gold pieces
   689 | D        | Identified the +1 ring mail "Wuukiuri" {rN+} (You bought it
                  | in a shop in the Dungeon)
   709 | D        | Bought an uncursed ring of poison resistance for 220 gold
                  | pieces
   709 | D        | Bought an uncursed ring of see invisible for 165 gold
                  | pieces
   733 | D        | Found a roughly hewn altar of Beogh.
   734 | D        | Found a snail-covered altar of Cheibriados.
   734 | D        | Found a hazy altar of Hepliaklqana.
   735 | D        | Found a viscous altar of Jiyva.
   735 | D        | Found a shadowy altar of Dithmenos.
   735 | D        | Found a stormy altar of Qazlal.
   736 | D        | Found an ancient bone altar of Kikubaaqudgha.
   736 | D        | Found a white marble altar of Elyvilon.
   736 | D        | Found a sacrificial altar of Ru.
   737 | D        | Found a corrupted altar of Lugonu.
   737 | D        | Found a shimmering blue altar of Sif Muna.
   737 | D        | Found a blossoming altar of Fedhas.
   737 | D        | Found an ornate altar of the Wu Jian Council.
   738 | D        | Found a bloodstained altar of Trog.
   738 | D        | Found a burning altar of Makhleb.
   738 | D        | Found a shimmering altar of Xom.
   738 | D        | Found an opulent altar of Gozag.
   740 | D        | Noticed a polar bear
   740 | D        | Noticed a polar bear
   740 | D        | Noticed a polar bear
   741 | D        | Noticed a hornet
   743 | D        | Noticed a yaktaur
   766 | D        | Killed a polar bear
   771 | D        | Killed a polar bear
   772 | D        | Killed a polar bear
   772 | D        | Reached skill level 15 in Fighting
   774 | D        | Killed a yaktaur
   790 | D        | Killed a hornet
   790 | D        | Reached skill level 16 in Fighting
   790 | D        | Reached XP level 9. HP: 89/100 MP: 9/9
   792 | D        | Found a glowing golden altar of the Shining One.
   792 | D        | Found a basalt altar of Yredelemnul.
   792 | D        | Found a hide-covered altar of Uskayaw.
   794 | D        | Found a glowing silver altar of Zin.
   794 | D        | Found a radiant altar of Vehumet.
   794 | D        | Found a sparkling altar of Nemelex Xobeh.
   795 | D        | Found an iron altar of Okawaru.
   804 | D        | Became a worshipper of Warmaster Okawaru
   821 | D        | Noticed a kraken
  1235 | D        | HP: 4/100 [tentacle[a kraken] (14)]
  1235 | D        | Demolished by a tentacle

Skill      XL: |  1  2  3  4  5  6  7  8 |
---------------+-------------------------+-----
Fighting       | 3 8 10 12 14 16 | 16.1
Short Blades   | | 16.1
Long Blades    | | 16.1
Axes           | | 16.1
Maces & Flails | | 16.1
Polearms       | | 16.1
Staves         | | 16.1
Dodging        | |  2.4
Stealth        | |  2.6
Unarmed Combat | | 16.1

Action                   |  1- 3 |  4- 6 |  7- 9 || total
-------------------------+-------+-------+-------++-------
Melee: Whip              |    34 |     7 |       ||    41
       Punch             |     1 |     1 |     1 ||     3
       Eveningstar       |       |    10 |    30 ||    40
  Use: Potion            |     2 |       |     2 ||     4
       Scroll            |       |       |     1 ||     1
 Stab: Sleeping          |       |       |     1 ||     1
Armor: Robe              |     3 |       |     1 ||     4
       Ring mail         |       |       |    13 ||    13
Dodge: Dodged            |    10 |     4 |    17 ||    31
